 Dungeon Crawl Stone Soup version 0.30-b1-2-g02819fbbbe (webtiles) character file.

Game seed: 7105158570191188215

13 redmage the Digger (level 2, -4/20 HPs)
             Began as a Meteoran Earth Elementalist on Aug 2, 2023.
             Slain by an orc
             ... wielding a +0 flail
              (8 damage)
             ... on level 2 of the Dungeon.
             The game lasted 00:01:21 (71 turns).

redmage the Digger (Meteoran Earth Elementalist)      Turns: 71, Time: 00:01:22

Health: -4/20      AC:  2    Str:  9    XL:     2   Next: 70%
Magic:  0/7        EV: 12    Int: 16    God:
Gold:   26         SH:  0    Dex: 14    Spells: 6/7 levels left

rFire   . . .        (no weapon)
rCold   . . .        (no shield)
rNeg    . . .        a - +0 robe
rPois   .            (no helmet)
rElec   .            (no cloak)
rCorr   .            (no gloves)
SInv    .            (no boots)
Will    .....        (no amulet)
Stlth   +            (no ring)
HPRegen 0.23/turn    (no ring)
MPRegen 0.10/turn

%: no passive effects
@: very slightly contaminated, glowing
A: sense surroundings 1, otherworldly, glowing, explore regen
a: no special abilities


You were on level 2 of the Dungeon.
You visited 1 branch of the dungeon, and saw 3 of its levels.

You collected 26 gold pieces.

Inventory:

Armour
 a - a +0 robe (worn)
Potions
 b - a potion of magic
 c - a potion of invisibility {unknown}


   Skills:
 - Level 2.4 Dodging
 - Level 1.4 Stealth
 + Level 3.0 Spellcasting
 + Level 1.7 Transmutations
 * Level 4.1 Earth Magic


You had 6 spell levels left.
You knew the following spells:

 Your Spells              Type           Power      Damage    Failure   Level
a - Sandblast             Erth           30%        2d9       3%          1

Your spell library contained the following spells:

 Spells                   Type           Power      Damage    Failure   Level
 Passwall                 Tmut/Erth      9%         N/A       9%          2
 Stone Arrow              Conj/Erth      18%        3d8       24%         3
 Petrify                  Tmut/Erth      11%        N/A       50%         4


Dungeon Overview and Level Annotations

Branches:
Dungeon (3/15) Zot: 1722

Altars:
Uskayaw


Innate Abilities, Weirdness & Mutations

You passively map a small area around you.
You are easily found by Zot.
You glow in the dark.
You regain HP and MP as you explore.


Message History

Unknown command.
Unknown command.
The orc hits you with a +0 flail. The orc barely misses you.
You climb upwards.
The hobgoblin shouts!
There is a stone staircase leading down here.
Casting: Sandblast (safe; 3% risk of failure)
Confirm with . or Enter, or press ? or * to list all spells.
Aiming: Sandblast (safe; 3% risk of failure)
Press: ? - help, Shift-Dir - straight line, f - orc
Aim: an orc, wielding a +0 flail and wearing a +0 chain mail (severely wounded, 87% to hit)
The blast of sand hits the orc but does no damage.
The orc is severely wounded.
The orc hits you with a +0 flail. The orc hits you but does no damage.
The orc hits you with a +0 flail!
* * * LOW HITPOINT WARNING * * *
The orc misses you.
Unknown command.
Unknown command.
Unknown command.
Unknown command.
Casting: Sandblast (safe; 3% risk of failure)
Confirm with . or Enter, or press ? or * to list all spells.
Aiming: Sandblast (safe; 3% risk of failure)
Press: ? - help, Shift-Dir - straight line, f/p - orc
Aim: an orc, wielding a +0 flail and wearing a +0 chain mail (severely wounded, 87% to hit)
The blast of sand hits the orc.
The orc is almost dead.
The orc closely misses you. The orc barely misses you.
The hobgoblin closely misses you.
Unknown command.
Casting: Sandblast (safe; 3% risk of failure)
Confirm with . or Enter, or press ? or * to list all spells.
Aiming: Sandblast (safe; 3% risk of failure)
Press: ? - help, Shift-Dir - straight line, f/p - orc
Aim: an orc, wielding a +0 flail and wearing a +0 chain mail (almost dead, 87% to hit)
The blast of sand hits the orc but does no damage.
The orc is almost dead.
The orc hits you with a +0 flail!
You die...

##########
#.o.......
*
#.@.......
#.go......
##'#......
#.###....
#.# * ...
#.# .. #.#
. #.# *


You could see 2 orcs and a hobgoblin.

Vanquished Creatures
  An adder (D:3)
  2 endoplasms
  A bat (D:1)
  A rat (D:2)
5 creatures vanquished.

Notes
Turn   | Place    | Note
-------+----------+-------------------------------------------
     0 | D:1      | redmage the Meteoran Earth Elementalist began the quest for
                  | the Orb.
     0 | D:1      | Reached XP level 1. HP: 14/14 MP: 5/5
    24 | D:2      | Found a hide-covered altar of Uskayaw.
    58 | D:3      | Reached skill level 4 in Earth Magic
    58 | D:3      | Reached XP level 2. HP: 20/20 MP: 5/7
    71 | D:2      | Slain by an orc

Illustrated notes

Levels and vault maps discovered:
D:1:      minmay_arrival_solitary_statue, layout_loops_corners, serial_shops,
          shop_statue, minivault_27
D:2:      layout_basic, basic_altar, minmay_tiny_reverse_x
D:3:      mumra_celtic_spiral_tile, layout_basic

Skill      XL: |  1 |
---------------+----+-----
Spellcasting   | 3 |  3.0
Earth Magic    | 4 |  4.1
Dodging        | |  2.4
Stealth        | |  1.4
Transmutations | |  1.7

Action                     || total
---------------------------++-------
   Cast: Sandblast         ||    13
 Armour: Robe              ||     1
  Dodge: Dodged            ||     8
